AoeStats
← Voxi

Arabia

506066845Analyzed
1v1 RM · 21d ago on Sep 12, 2026· 44m 51s· 2 players
Game mode
Random Map
Map size
Tiny (2 player)
Population
200
Speed
Normal
Resources
Standard
Victory
Conquest
Starting age
Dark Age
Ending age
Imperial Age
RankedLock teamsTeams togetherTeam positionsShared explorationLock speedFull tech treeHidden civsTurbo modeCheats
Victory
Defeat
🇩🇪 Byzantines · Germany
1069
+13
🇪🇸 Georgians · Spain
1003
-13
Sikboi
7:49 Loom
11:01 Feudal Age
14:33 Man-at-Arms
16:39 Double-Bit Axe
18:51 Forging
23:35 Castle Age
21:19 Horse Collar
21:53 Gold Mining
21:57 Stone Mining
23:58 Bloodlines
23:51 Fletching
24:44 Scale Barding Armor
29:35 Heavy Plow
30:09 Husbandry
34:05 Town Watch
38:25 Imperial Age
36:22 Bodkin Arrow
37:50 Masonry
40:13 Iron Casting
41:32 Chemistry
Voxi
7:26 Loom
10:01 Feudal Age
10:13 Man-at-Arms
10:51 Double-Bit Axe
17:22 Wheelbarrow
18:12 Fletching
22:29 Castle Age
20:35 Horse Collar
21:21 Padded Archer Armor
22:30 Scale Mail Armor
22:42 Scale Barding Armor
22:32 Crossbowman
23:09 Bodkin Arrow
28:45 Forging
30:13 Bow Saw
32:45 Iron Casting
38:36 Imperial Age
36:50 Chain Barding Armor
37:45 Husbandry
38:22 Light Cavalry
39:44 Devotion
39:59 Heavy Camel Rider
42:50 Plate Barding Armor
Connection lost

Rejoining the realm…

Still unreachable

The connection could not be restored.

Session expired

The server has moved on; the page needs a fresh start.